 Dungeon Crawl Stone Soup version 0.23-a0-38-g6d804a8 (webtiles) character file.

76792 Amnesiac the Earth Mage (level 15, -8/100 HPs)
             Began as a Mummy Earth Elementalist on Aug 5, 2018.
             Was a High Priest of Vehumet.
             Mangled by an earth elemental (21 damage)
             ... summoned by a deep elf elementalist
             ... on level 1 of the Elven Halls.
             The game lasted 00:53:49 (22162 turns).

Amnesiac the Earth Mage (Mummy Earth Elementalist) Turns: 22162, Time: 00:53:50

Health: -8/100     AC: 15    Str: 12    XL:     15   Next: 13%
Magic:  44/44      EV: 15    Int: 20    God:    Vehumet [*****.]
Gold:   622        SH:  7    Dex: 19    Spells: 16/47 levels left

rFire    + . .     SeeInvis .   a - +8 hand axe of Autumn {chop, rF+ MR+ Stlth-}
rCold    + + .     Gourm    .   k - +1 buckler {rPois}
rNeg     + + +     Faith    .   B - +2 robe {Archmagi}
rPois    ∞         Spirit   .   p - +1 helmet
rElec    .         Reflect  .   o - +4 cloak of Atheism {rF+ Dex+3}
rCorr    .         Harm     .   e - +2 pair of gloves {Dex+3}
MR       ++...                  n - +0 pair of boots (curse)
Stlth    ++........             j - amulet of magic regeneration
HPRegen  0.26/turn              r - ring of protection from cold
MPRegen  0.54/turn              f - ring of magical power

@: no status effects
A: no food or potions, fire vulnerability, cold resistance 1, negative energy
resistance 3, torment resistance, unbreathing, in touch with death 1
a: Renounce Religion


You were on level 1 of the Elven Halls.
You worshipped Vehumet.
Vehumet was extremely pleased with you.
You were not hungry.

You visited 4 branches of the dungeon, and saw 19 of its levels.
You also visited: Bailey and Ice Cave.

You collected 1545 gold pieces.
You spent 923 gold pieces at shops.

Inventory:

Hand Weapons
 a - the +8 hand axe of Autumn (weapon) {chop, rF+ MR+ Stlth-}
   (You found it on level 5 of the Dungeon)

   It inflicts extra damage upon your enemies.
   It protects you from fire.
   It affects your resistance to hostile enchantments.
   It makes you less stealthy.
 b - a +2 dagger of venom
 u - a +0 blowgun
Missiles
 i - 443 stones (quivered)
 t - 3 throwing nets
 w - 73 poisoned needles
Armour
 e - a +2 pair of gloves of dexterity (worn)
 k - a +1 buckler of poison resistance (worn)
 n - a cursed +0 pair of boots (worn)
 o - the +4 cloak of Atheism (worn) {rF+ Dex+3}
   (You bought it in a shop on level 2 of the Orcish Mines)

   It affects your dexterity (+3).
   It protects you from fire.
 p - a +1 helmet (worn)
 B - a +2 robe of the Archmagi (worn)
Jewellery
 f - a ring of magical power (right hand)
 j - an amulet of magic regeneration (around neck)
 r - a ring of protection from cold (left hand)
Wands
 g - a wand of paralysis (11)
 m - a wand of polymorph (14)
 x - a wand of flame (37)
Scrolls
 c - 8 scrolls of remove curse {!r}
 d - 8 scrolls of identify {!r}
 h - 6 scrolls of teleportation {!r}
 l - 3 scrolls of amnesia {!r}
 q - 3 scrolls of magic mapping {!r}
 s - a scroll of blinking {!r}
 y - 3 scrolls of enchant weapon {!r}
Miscellaneous
 v - a phial of floods


   Skills:
 - Level 4.0 Fighting
 - Level 4.0 Dodging
 - Level 4.0 Stealth
 - Level 4.0 Shields
 + Level 16.6 Spellcasting
 + Level 1.6 Transmutations
 * Level 16.6 Earth Magic
 - Level 4.0 Evocations


You had 16 spell levels left.
You knew the following spells:

 Your Spells              Type           Power        Failure   Level  Hunger
a - Iron Shot             Conj/Erth      ######....   4%          6    N/A
b - Passwall              Tmut/Erth      ######..     1%          2    N/A
c - Sandblast             Erth           ######       0%          1    N/A
d - Lee's Rapid Deconstr  Erth           #######...   1%          5    N/A
e - Petrify               Tmut/Erth      ######..     1%          4    N/A
f - Stone Arrow           Conj/Erth      ######       1%          3    N/A
q - Yara's Violent Unrav  Hex/Tmut       ####......   17%         5    N/A
w - Irradiate             Conj/Tmut      ####......   17%         5    N/A

Your spell library contained the following spells:

 Spells                   Type           Power        Failure   Level  Hunger
 Statue Form              Tmut/Erth      ######...    12%         6    N/A
 Dragon Form              Tmut           #####.....   100%        7    N/A
 Hydra Form               Tmut           #####.....   95%         6    N/A

Dungeon Overview and Level Annotations

Branches:
Dungeon (15/15)            Temple (1/1) D:6            Lair (0/6) D:9
    Orc (2/2) D:10            Elf (1/3) Orc:2        Vaults (0/5) D:14
 Depths (0/5) D:15

Altars:
Cheibriados
Dithmenos
Elyvilon
Fedhas
Gozag
Hepliaklqana
Kikubaaqudgha
Makhleb
Nemelex Xobeh
Okawaru
Qazlal
Sif Muna
Trog
Uskayaw
Vehumet
Wu Jian
Xom
Yredelemnul
Zin
The Shining One

Shops:
D:5 [   D:9 [   D:15 %   Orc:2 }[?*

Portals:
Pandemonium: Orc:2

Annotations:
D:14 1 transporter


Innate Abilities, Weirdness & Mutations

You do not eat or drink.
Your flesh is vulnerable to fire.
You are immune to poison.
Your flesh is cold resistant. (rC+)
You are immune to negative energy. (rN+++)
You are immune to unholy pain and torment.
You can survive without breathing.
You are in touch with the powers of death.


Message History

The water engulfing you falls away.
A deep elf mage comes into view. It is wielding a dagger.
Casting: Lee's Rapid Deconstruction (safe; 1% risk of failure)
Confirm with . or Enter, or press ? or * to list all spells.
Aiming: Iron Shot (slightly dangerous; 5% risk of failure)
Press: ? - help, Shift-Dir - straight line, f - deep elf mage
Aim: a deep elf mage, wielding a dagger (resting)
You feel a surge of power!
The iron shot hits the deep elf mage.
The deep elf mage is almost dead.
Unknown command.
Casting: Iron Shot (slightly dangerous; 5% risk of failure)
Confirm with . or Enter, or press ? or * to list all spells.
Aiming: Lee's Rapid Deconstruction (safe; 1% risk of failure)
Press: ? - help, Dir - move target cursor, p - deep elf mage A rock wall.
You feel a surge of power!
The wall shatters!
The blast of rock fragments hits the deep elf mage.
You kill the deep elf mage!
Vehumet accepts your kill.
You hear the faint whistling of a wind.
You hear a shout!
Unknown command.
You start resting.
Magic restored.
Wield which item (- for none, * to show all)? (? for menu, Esc to quit)
Okay, then.
Search for what [Enter for "ego", or ? for help]? staff You start resting.
HP restored.
A deep elf elementalist comes into view.
It is wielding a long sword.
The deep elf elementalist shouts!
The deep elf elementalist casts a spell at you.
Some walls begin to move on their own!
You hear a shout!
The deep elf elementalist gestures at you while chanting.
Some walls begin to move on their own!
The earth elemental completely misses you.
Casting: Lee's Rapid Deconstruction (safe; 1% risk of failure)
Confirm with . or Enter, or press ? or * to list all spells.
Aiming: Passwall (safe; 1% risk of failure)
Press: ? - help, Dir - move target cursor A rock wall.
You feel a surge of power! The earth elemental closely misses you.
You begin to meditate on the wall.
You continue meditating on the rock.
The deep elf elementalist points at you and mumbles some strange words.
Some walls begin to move on their own!
The earth elemental hits you!!
You continue meditating on the rock.
The earth elemental completely misses you.
The earth elemental barely misses you. The earth elemental hits you!
* * * LOW HITPOINT WARNING * * *
You continue meditating on the rock.
Magic restored.
You block the earth elemental's attack. The earth elemental misses you.
The earth elemental hits you!
* * * LOW HITPOINT WARNING * * *
The earth elemental hits you!
* * * LOW HITPOINT WARNING * * *
You continue meditating on the rock.
The earth elemental barely misses you. The earth elemental closely misses you.
You continue meditating on the rock.
The earth elemental hits you.
* * * LOW HITPOINT WARNING * * *
The earth elemental barely misses you. The earth elemental closely misses you.
The earth elemental hits you!!
You die...

.#..>... #.
....... ####.#
..... ..... ....
#...# #.) #...#
#E## #..# ###
#e.#
#..####.####EE#
#.........E@.#
#...######EEE#
#..### #####
#....#
#####...#####
###...........###
#...............#
...........(.....
###....)8.....##


You could see a deep elf elementalist and 7 earth elementals.

Vanquished Creatures
  Gastronok (D:10)
  A frost giant (IceCv)
  A yaktaur captain (D:15)
  Harold (D:8)
  The ghost of Kuinu the Fighter, a novice DrBe of Trog (D:10)
  6 centaur warriors
  A death knight (D:13)
  2 dancing weapons (D:14)
  7 two-headed ogres
  A queen ant (D:8)
  6 orc high priests (Orc:2)
  5 tengu warriors
  A deep troll (D:15)
  2 gelid demonspawn (Orc:2)
  2 torturous demonspawn (Orc:2)
  A phantasmal warrior (D:13)
  6 ugly things
  6 orc knights
  6 orc sorcerers (Orc:2)
  4 cyclopes
  15 deep elf magi
  2 manticores (D:15)
  Maurice (D:7)
  An ice statue (IceCv)
  2 rust devils (Orc:2)
  2 orange demons
  2 centaur skeletons
  2 gargoyles
  2 freezing wraiths
  A komodo dragon (D:15)
  A red devil (Orc:2)
  7 trolls
  3 meliai (D:14)
  A troll (shapeshifter) (D:14)
  A tengu conjurer (D:15)
  20 polar bears
  A hornet (D:15)
  6 slime creatures (D:14)
  A wolf spider simulacrum (D:15)
  5 hippogriffs
  3 wyverns
  2 wraiths
  11 yaks
  8 redbacks (D:13)
  A shadow (D:15)
  4 water elementals
  A vampire (D:14)
  5 hungry ghosts
  7 vampire mosquitoes
  A harpy simulacrum (D:15)
  A warg (Orc:1)
  A water moccasin (D:11)
  6 soldier ants (D:8)
  A meliai simulacrum (D:15)
  32 orc warriors
  An eye of draining (D:13)
  5 ice beasts
  5 sky beasts
  3 phantoms
  14 wolves
  The ghost of azzavlup the Charmwright, an amateur DrSk (D:3)
  13 ogres
  13 centaurs
  5 big kobolds
  7 bullfrogs
  10 gnoll sergeants
  A wyvern zombie (D:14)
  3 scorpions
  16 wights
  2 howler monkeys
  An electric eel (D:15)
  A spectral bullfrog (D:10)
  10 crimson imps
  5 bullfrog zombies
  8 jellies
  2 quasits
  6 gnoll shamans (Bailey)
  4 bullfrog skeletons
  11 hounds
  3 centaur zombies
  21 orc wizards
  31 orc priests
  Terence (D:3)
  3 iguanas
  25 worker ants
  A bullfrog simulacrum (D:10)
  A hound zombie (D:3)
  A hound skeleton (D:10)
  A howler monkey zombie (D:9)
  A worker ant zombie (D:3)
  23 gnolls
  A howler monkey skeleton (D:3)
  9 adders
  6 shadow imps
  7 white imps
  A howler monkey simulacrum (D:8)
  7 ufetubi
  6 oozes
  An adder zombie (D:7)
  3 adder skeletons
  6 worms
  2 dart slugs
  8 leopard geckos
  81 orcs
  2 ball pythons
  7 giant cockroaches
  12 goblins
  5 hobgoblins
  4 quokkas
  9 bats
  5 frilled lizards
  A jackal skeleton (D:4)
  A jackal zombie (D:6)
  20 kobolds
  A leopard gecko simulacrum (D:8)
  2 leopard gecko skeletons (D:4)
  A quokka simulacrum (D:8)
  A quokka skeleton (D:9)
  4 rats
  A butterfly (D:6)
694 creatures vanquished.

Vanquished Creatures (collateral kills)
  A tengu warrior (D:15)
1 creature vanquished.

Vanquished Creatures (others)
  A komodo dragon (D:14)
  A polar bear (IceCv)
2 creatures vanquished.

Grand Total: 697 creatures vanquished

Notes
Turn   | Place    | Note
-------+----------+-------------------------------------------
     0 | D:1      | Amnesiac the Mummy Earth Elementalist began the quest for the Orb.
     0 | D:1      | Reached XP level 1. HP: 13/13 MP: 4/4
   423 | D:4      | Reached XP level 2. HP: 17/19 MP: 3/5
   427 | D:4      | Learned a level 2 spell: Passwall
   610 | D:5      | Entered Level 5 of the Dungeon
   703 | D:3      | Found a transporter.
   707 | D:3      | Found a transporter.
   710 | D:3      | Noticed azzavlup's ghost (amateur DrSk)
   759 | D:2      | Reached XP level 3. HP: 24/24 MP: 5/7
   766 | D:2      | Learned a level 3 spell: Stone Arrow
  1085 | D:4      | Reached XP level 4. HP: 30/30 MP: 5/9
  1196 | D:4      | Reached XP level 5. HP: 25/35 MP: 11/11
  1202 | D:4      | Learned a level 4 spell: Petrify
  2009 | D:5      | Found a sparkling altar of Nemelex Xobeh.
  2069 | D:5      | Found Ovirauta's Antique Armour Emporium.
  2249 | D:5      | Noticed an ogre
  2257 | D:5      | Killed an ogre
  2257 | D:5      | Reached XP level 6. HP: 41/41 MP: 8/13
  2319 | D:5      | Reached skill level 5 in Earth Magic
  2454 | D:5      | Noticed a two-headed ogre
  2509 | D:5      | Reached skill level 5 in Spellcasting
  2522 | D:5      | Learned a level 5 spell: Lee's Rapid Deconstruction
  2634 | D:5      | Got a steaming hand axe
  2678 | D:5      | Identified the +8 hand axe of Autumn {chop, rF+ MR+ Stlth-} (You found it on level 5 of the Dungeon)
  2890 | D:5      | Noticed a hippogriff
  2913 | D:5      | Killed a hippogriff
  2913 | D:5      | Reached XP level 7. HP: 21/46 MP: 7/15
  3748 | D:6      | Reached XP level 8. HP: 25/52 MP: 5/18
  3945 | D:6      | Noticed a hippogriff
  3961 | D:6      | Killed a hippogriff
  4013 | D:6      | Found a hazy altar of Hepliaklqana.
  4207 | D:6      | Found a staircase to the Ecumenical Temple.
  4216 | Temple   | Entered the Ecumenical Temple
  4305 | Temple   | Became a worshipper of Vehumet
  6289 | D:3      | Noticed Terence
  6291 | D:3      | Killed Terence
  6407 | D:3      | Reached * piety under Vehumet
  6407 | D:3      | Offered knowledge of Sting by Vehumet.
  6754 | D:3      | Killed azzavlup's ghost
  6873 | D:6      | Killed a two-headed ogre
  6873 | D:6      | Reached XP level 9. HP: 57/57 MP: 4/22
  7007 | D:7      | Got a faintly humming leather armour
  7024 | D:7      | Identified the +0 leather armour of Iriupaje {rF+ Slay+3 SInv} (You found it on level 7 of the Dungeon)
  7701 | D:8      | Reached skill level 1 in Shields
  7731 | D:8      | HP: 1/57 [phantom (4)]
  7886 | D:8      | Noticed a troll
  7888 | D:8      | Killed a troll
  7888 | D:8      | Reached skill level 10 in Spellcasting
  7888 | D:8      | Reached skill level 10 in Earth Magic
  7912 | D:8      | Reached XP level 10. HP: 20/63 MP: 1/24
  7916 | D:8      | Offered knowledge of Throw Flame by Vehumet.
  7976 | D:8      | Reached ** piety under Vehumet
  8030 | D:8      | Noticed Harold
  8104 | D:9      | Noticed a two-headed ogre
  8154 | D:9      | Killed a two-headed ogre
  8422 | D:9      | Offered knowledge of Throw Frost by Vehumet.
  8857 | D:9      | Reached *** piety under Vehumet
  8868 | D:9      | Found a staircase to the Lair.
  9082 | D:9      | Found Raurr's Armour Emporium.
  9351 | D:8      | Offered knowledge of Force Lance by Vehumet.
  9486 | D:8      | Noticed Maurice
  9610 | D:7      | Killed Maurice
  9685 | D:8      | Killed Harold
  9685 | D:8      | Reached XP level 11. HP: 23/68 MP: 0/26
  9686 | D:8      | Noticed a queen ant
  9905 | D:8      | Killed a queen ant
  9905 | D:8      | Reached **** piety under Vehumet
 10267 | D:10     | Entered Level 10 of the Dungeon
 10305 | D:10     | Offered knowledge of Yara's Violent Unravelling by Vehumet.
 10311 | D:10     | Found a runed gate.
 10311 | D:10     | Found a runed gate.
 10312 | D:10     | Found a runed gate.
 10314 | D:10     | Noticed Kuinu's ghost (novice DrBe)
 10335 | D:10     | Learned a level 5 spell: Yara's Violent Unravelling
 10362 | D:10     | Killed Kuinu's ghost
 10596 | D:10     | Noticed Gastronok
 10706 | D:10     | Killed Gastronok
 10935 | D:10     | Found a staircase to the Orcish Mines.
 11302 | Orc:1    | Entered Level 1 of the Orcish Mines
 11415 | Orc:2    | Entered Level 2 of the Orcish Mines
 11555 | Orc:2    | Reached ***** piety under Vehumet
 11561 | Orc:2    | Offered knowledge of Irradiate by Vehumet.
 11613 | Orc:2    | Learned a level 5 spell: Irradiate
 11716 | Orc:2    | Noticed an orc sorcerer
 11730 | Orc:2    | Killed an orc sorcerer
 11803 | Orc:2    | Found a staircase to the Elven Halls.
 11828 | Orc:2    | Noticed a two-headed ogre
 11840 | Orc:2    | Killed a two-headed ogre
 11904 | Orc:2    | Reached XP level 12. HP: 34/74 MP: 12/28
 12799 | Orc:2    | Reached skill level 1 in Fighting
 12870 | Orc:2    | Found Newazxoh's Magic Scroll Shop.
 12872 | Orc:2    | Found Voecob's General Store.
 13477 | Orc:2    | Noticed an orc high priest
 13479 | Orc:2    | Killed an orc high priest
 13563 | Orc:2    | Noticed an orc high priest
 13574 | Orc:2    | Killed an orc high priest
 13677 | Orc:2    | Noticed an orc high priest
 13679 | Orc:2    | Killed an orc high priest
 13707 | Orc:2    | Noticed an orc high priest
 13707 | Orc:2    | Noticed an orc high priest
 13715 | Orc:2    | Killed an orc high priest
 13715 | Orc:2    | Killed an orc high priest
 13745 | Orc:2    | Gained mutation: You are in touch with the powers of death. [Mummy growth]
 13745 | Orc:2    | Reached XP level 13. HP: 76/88 MP: 12/31
 13813 | Orc:2    | Reached skill level 1 in Evocations
 13862 | Orc:2    | Found Ebipp's Gadget Emporium.
 13862 | Orc:2    | Found a one-way gate leading to the halls of Pandemonium.
 13862 | Orc:2    | Found Tuifugg's Antique Armour Shoppe.
 13972 | Orc:2    | Bought an embroidered robe for 114 gold pieces
 13972 | Orc:2    | Bought a bloodstained cloak for 294 gold pieces
 14005 | Orc:2    | Identified the +4 cloak of Atheism {rF+ Dex+3} (You bought it in a shop on level 2 of the Orcish Mines)
 14197 | D:5      | Bought a runed buckler for 165 gold pieces
 14355 | D:9      | Bought a +2 pair of gloves of dexterity for 301 gold pieces
 14365 | D:9      | Bought a cursed +0 pair of boots for 49 gold pieces
 14685 | D:11     | Offered knowledge of Iskenderun's Mystic Blast by Vehumet.
 15300 | D:12     | Found a flagged portal.
 15411 | Bailey   | Entered a bailey
 16203 | D:12     | Found a bloodstained altar of Trog.
 16777 | D:13     | Offered knowledge of Iron Shot by Vehumet.
 16801 | D:13     | Learned a level 6 spell: Iron Shot
 17106 | D:13     | Found a shimmering altar of Xom.
 17480 | D:14     | Reached skill level 15 in Earth Magic
 17508 | D:14     | Found a gate to the Vaults.
 17524 | D:14     | Reached skill level 15 in Spellcasting
 17640 | D:14     | Found a frozen archway.
 17643 | IceCv    | Entered an ice cave
 17750 | IceCv    | Reached XP level 14. HP: 47/95 MP: 25/33
 18504 | IceCv    | Noticed a frost giant
 18564 | IceCv    | Killed a frost giant
 19341 | D:14     | Found a transporter.
 19699 | D:14     | Found an iron altar of Okawaru.
 19772 | D:14     | Offered knowledge of Poison Arrow by Vehumet.
 20180 | D:14     | Found a transporter.
 20353 | D:15     | Entered Level 15 of the Dungeon
 21260 | D:15     | Found a staircase to the Depths.
 21453 | D:15     | Found Kaggesana's Food Boutique.
 21457 | D:15     | Reached XP level 15. HP: 100/100 MP: 15/35
 22039 | Elf:1    | Entered Level 1 of the Elven Halls
 22045 | Elf:1    | Reached skill level 1 in Transmutations
 22162 | Elf:1    | Mangled by an earth elemental

Vault maps used:
D:1:      dpeg_arrival_fog, minivault_5
D:2:      cheibrodos_old_hovel
D:3:      gammafunk_ghost_mausoleum, first_ration, uniq_terence
D:5:      kennysheep_six_static_rooms, serial_shops, nicolae_shop_waterfront,
          nemelex_spade_bored_becter
D:6:      overflow_temple_1_default, minmay_temple_entry_butterflies
D:8:      serial_ice, serial_ice_d, serial_ice_n, serial_ice_c, serial_ice_k,
          hangedman_little_slice_of_home, minmay_another_anthill, uniq_maurice,
          uniq_harold
D:9:      lair_entry_dummy, serial_co_window_serial, co_window_corner_a,
          co_window_corner_a, co_window_paths_a, co_window_paths_b,
          co_window_of_opportunity_a, co_window_paths_c,
          co_window_unsneaky_path_a, co_window_corner_ca, co_window_paths_c,
          co_window_paths_c, co_window_unsneaky_path_b, co_window_corner_b,
          glass_columns_a, glass_columns_a, glass_columns_a, glass_columns_c,
          serial_shops, nicolae_shop_trees
D:10:     david_orc_2, gammafunk_ghost_necromancy, uniq_gastronok
D:12:     enter_bailey_8, trog_ov_bears_minmay
D:13:     basic_altar, grunt_decor_arrowhead, spider_trap, serial_bayou_pond_e
D:14:     gammafunk_the_bubble, erik_vaults_1, okawaru_ov_weapons_minmay,
          portal_ice_cave_entry_pillars_1
D:15:     hangedman_depths_entry_civil_slaughter, serial_ice, serial_ice_f,
          serial_ice_l, serial_ice_o, serial_ice_m, serial_ice_b, serial_ice_a,
          glass_columns_b, serial_shops, shop
Temple:   roderic_octagonal_lattice_temple
Orc:2:    pf_orc_diabolical
Elf:1:    eino_elf_arrival_shootout, portal_desolation_entry_ruin, serial_shops,
          shop, minmay_elf_sorcery
Bailey:   bailey_polearm_gnolls_kennysheep, bailey
IceCv:    ice_cave_small_giant

Skill      XL: |  1  2  3  4  5  6  7  8  9 10 11 12 13 14 15 |
---------------+----------------------------------------------+-----
Spellcasting   | 3 4 5 6 9 10 11 12 14 15 16 | 16.6
Earth Magic    | 3 4 5 6 9 10 11 12 14 15 16 | 16.6
Shields        | 1 4 |  4.0
Dodging        | 3 4 |  4.0
Fighting       | 4 |  4.0
Evocations     | 4 |  4.0
Stealth        | 2 4 |  4.0
Transmutations | 1 |  1.6

Action                   |  1- 3 |  4- 6 |  7- 9 | 10-12 | 13-15 || total
-------------------------+-------+-------+-------+-------+-------++-------
Melee: Dagger            |     6 |   105 |   182 |    13 |       ||   306
       Unarmed           |     4 |       |       |       |       ||     4
       Hand axe          |       |       |    31 |    90 |    59 ||   180
 Fire: Hunting sling     |    46 |       |       |       |       ||    46
       Blowgun           |       |       |       |    20 |       ||    20
Throw: Stone             |       |     1 |       |       |       ||     1
 Cast: Sandblast         |    17 |    10 |    45 |       |     4 ||    76
       Petrify           |       |     1 |     5 |    13 |    20 ||    39
       Stone Arrow       |       |       |    54 |   252 |    52 ||   358
       Lee's Rapid Decon |       |       |    22 |   153 |   254 ||   429
       Iron Shot         |       |       |       |       |    93 ||    93
       Passwall          |       |       |       |       |     7 ||     7
       Irradiate         |       |       |       |       |     1 ||     1
Evoke: Wand              |       |       |     4 |     9 |    28 ||    41
       Phial of floods   |       |       |       |       |     2 ||     2
       Phantom mirror    |       |       |       |       |     1 ||     1
  Use: Scroll            |     1 |     4 |     4 |     5 |     8 ||    22
 Stab: Sleeping          |       |     1 |     5 |       |       ||     6
       Petrified         |       |     7 |    26 |     6 |       ||    39
       Distracted        |       |       |       |     1 |       ||     1
       Paralysed         |       |       |       |       |     3 ||     3
Armor: Robe              |     2 |       |       |     4 |    67 ||    73
       Leather armour    |     9 |    19 |    66 |    23 |       ||   117
       Troll leather arm |       |       |       |    24 |       ||    24
Dodge: Dodged            |    18 |    58 |   150 |   111 |   127 ||   464
Block: Buckler           |       |       |       |    43 |    62 ||   105

Table legend:
 A = Spawn XP
 B = Non-spawn XP
 C = Spawn XP percentage of total XP
 D = Spawn monster count
 E = Non-spawn monster count
 F = Spawn count percentage of total count
 G = Total turns spent on level
                    A         B        C        D         E        F      G
               +---------+---------+-------+---------+---------+-------+---------
         Total |       0 |  109703 |   0.0 |       0 |     696 |   0.0 | 22162
               +---------+---------+-------+---------+---------+-------+---------
           D:1 |       0 |      38 |   0.0 |       0 |      19 |   0.0 |   957
           D:2 |       0 |     170 |   0.0 |       0 |      14 |   0.0 |   837
           D:3 |       0 |     346 |   0.0 |       0 |      28 |   0.0 |  1397
           D:4 |       0 |     237 |   0.0 |       0 |      19 |   0.0 |  1134
           D:5 |       0 |     653 |   0.0 |       0 |      12 |   0.0 |  1657
           D:6 |       0 |    2182 |   0.0 |       0 |      29 |   0.0 |   993
           D:7 |       0 |    1736 |   0.0 |       0 |      28 |   0.0 |  1011
           D:8 |       0 |    5679 |   0.0 |       0 |      65 |   0.0 |  1194
           D:9 |       0 |    1837 |   0.0 |       0 |      36 |   0.0 |  1281
          D:10 |       0 |    6486 |   0.0 |       0 |      35 |   0.0 |  1109
          D:11 |       0 |    1789 |   0.0 |       0 |      20 |   0.0 |   821
          D:12 |       0 |    3897 |   0.0 |       0 |      22 |   0.0 |   816
          D:13 |       0 |    9101 |   0.0 |       0 |      53 |   0.0 |   891
          D:14 |       0 |   17277 |   0.0 |       0 |      51 |   0.0 |  1469
          D:15 |       0 |   19527 |   0.0 |       0 |      66 |   0.0 |  1507
        Temple |       0 |      11 |   0.0 |       0 |       1 |   0.0 |   119
         Orc:1 |       0 |    1465 |   0.0 |       0 |      17 |   0.0 |   356
         Orc:2 |       0 |   20735 |   0.0 |       0 |     104 |   0.0 |  2490
         Elf:1 |       0 |    5951 |   0.0 |       0 |      11 |   0.0 |   123
        Bailey |       0 |    1218 |   0.0 |       0 |      30 |   0.0 |   513
         IceCv |       0 |    9368 |   0.0 |       0 |      36 |   0.0 |  1487
               +---------+---------+-------+---------+---------+-------+---------
